 Dungeon Crawl Stone Soup version 0.31-a0-344-gd109795599 (webtiles) character file.

Game seed: 8235723006685417569

210 LeprechaunX the Ruffian (level 5, -7/52 HPs)
             Began as an Octopode Shapeshifter on July 22, 2023.
             Mangled by a gnoll
             ... wielding a +0 halberd
             ... led by a gnoll bouda
              (10 damage)
             ... on level 4 of the Dungeon.
             The game lasted 00:03:32 (2554 turns).

LeprechaunX the Ruffian (Octopode Shapeshifter)     Turns: 2554, Time: 00:03:32

Health: -7/52      AC: 22    Str: 17    XL:     5   Next: 88%
Magic:  5/5        EV:  2    Int: 10    God:
Gold:   225        SH:  0    Dex: 12    Spells: 4/4 levels left

rFire   . .          .
                       - Unarmed
rCold   . . .        (no shield)
rNeg    . . .        (helmet currently unavailable)
rPois   +            (no amulet)
rElec   .            (no ring)
rCorr   .            (no ring)
SInv    .            (no ring)
Will    .....        (no ring)
Stlth   +            (no ring)
HPRegen 0.28/turn    (no ring)
MPRegen 0.09/turn    (no ring)
                     (no ring)

%: no passive effects
@: tree-form, weakened
A: stationary, stasis, torment immunity, boosted hp, almost no armour,
(amphibious), 8 rings, (camouflage 1), (gelatinous body 1), (nimble swimmer 1),
(tentacles)
a: no special abilities


You were on level 4 of the Dungeon.
You were a tree.
You visited 1 branch of the dungeon, and saw 4 of its levels.

You collected 225 gold pieces.

Inventory:

Missiles
 n - 5 boomerangs (quivered)
 r - 5 datura-tipped darts
Talismans
 b - a beast talisman
Scrolls
 c - a scroll of brand weapon {unknown}
 g - 3 scrolls of identify {unknown}
 i - 2 scrolls of immolation {unknown}
 j - a scroll of fog {unknown}
 k - 4 scrolls of poison {unknown}
 l - 3 scrolls of teleportation {unknown}
 o - a scroll of revelation {unknown}
 q - a scroll of vulnerability {unknown}
 s - a scroll of enchant weapon {unknown}
 t - a scroll of torment {unknown}
Potions
 a - a potion of lignification
 d - a potion of ambrosia {unknown}
 e - 2 potions of brilliance {unknown}
 f - 5 potions of curing
 h - 2 potions of heal wounds
 m - a potion of experience {unknown}
 p - a potion of cancellation {unknown}


   Skills:
 + Level 2.5 Fighting
 + Level 3.1 Dodging
 * Level 4.6 Unarmed Combat
 + Level 3.5 Shapeshifting


You had 4 spell levels left.
You didn't know any spells.
Your spell library contained the following spells:

 Spells                   Type           Power      Damage    Failure   Level
 Gell's Gravitas          Tloc           0%         N/A       75%         3
 Portal Projectile        Hex/Tloc       0%         N/A       75%         3
 Teleport Other           Tloc           0%         N/A       75%         3
 Tukima's Dance           Hex            0%         N/A       75%         3
 Iskenderun's Mystic Bla  Conj/Tloc      0%         2d3       98%         4
 Dispersal                Tloc           0%         N/A       100%        6


Dungeon Overview and Level Annotations

Branches:
Dungeon (4/15)
 Temple: D:4-7

Altars:
Vehumet

Shops:
D:1 [


Innate Abilities, Weirdness & Mutations

You are a tree.
Your roots penetrate the ground, keeping you stationary.
You cannot be teleported.
You are immune to unholy pain and torment.
Your maximum health is greatly increased.
You cannot wear most types of armour.
((You are amphibious.))
You can wear up to eight rings at the same time.
((Your skin changes colour to match your surroundings (Stealth+).))
((Your rubbery body absorbs attacks. (AC +1, EV +1)))
((You are camouflaged when in or above water. (Stealth+)))
((You have tentacles for arms and can constrict up to eight enemies at once.))


Message History

The gnoll bouda is moderately wounded.
You constrict the gnoll bouda.
The gnoll bouda hits you with a +0 spear!
The gnoll closely misses you. x2
The gnoll hits you from afar with a +0 spear.
You tentacle-slap the gnoll bouda.
The gnoll bouda is heavily wounded.
You constrict the gnoll bouda. The gnoll bouda misses you.
The gnoll closely misses you.
A gnoll comes into view. It is wielding a +0 flail.
The gnoll closely misses you. The gnoll misses you.
You tentacle-slap the gnoll bouda but do no damage.
The gnoll bouda is heavily wounded.
You constrict the gnoll bouda.
The gnoll bouda hits you with a +0 spear.
The gnoll closely misses you.
Okay, then.
Really quaff the potion of lignification?
Your transformation has ended.
You turn into a tree.
Your roots penetrate the ground.
You lose your grip on the gnoll bouda.
The gnoll hits you from afar with a +0 halberd.
* * * LOW HITPOINT WARNING * * *
The gnoll hits you but does no damage.
The gnoll bouda hits you with a +0 spear.
* * * LOW HITPOINT WARNING * * *
The gnoll hits you but does no damage.
You closely miss the gnoll bouda.
The gnoll bouda is severely wounded.
The gnoll hits you from afar with a +0 halberd.
* * * LOW HITPOINT WARNING * * *
The gnoll hits you but does no damage.
The gnoll bouda gazes fiercely through you!
You feel your attacks grow feeble.
The gnoll bouda hits you with a +0 spear.
* * * LOW HITPOINT WARNING * * *
You hit the gnoll bouda.
The gnoll bouda is severely wounded.
The gnoll hits you from afar with a +0 halberd!
You die...

# ......... ##
........ .# .......
.## .....# ..## ##...#
#..## #####...#
#...#######)g..ggg####
..##.......)####gg...#
#####.....(##
#♣##..... # #..)..g.#
#.# ##.. #........#
### ..........#
...........#
............#
.............
g.........


You could see a gnoll bouda and 4 gnolls.

Vanquished Creatures
  Terence (D:3)
  A gnoll bouda (D:2)
  7 gnolls
  3 adders
  A worm (D:2)
  2 dart slugs (D:3)
  An orc (D:3)
  5 ball pythons
  5 endoplasms
  4 giant cockroaches
  5 goblins
  9 hobgoblins
  A quokka (D:1)
  3 bats (D:1)
  2 frilled lizards
  3 kobolds
  8 rats
61 creatures vanquished.

Notes
Turn   | Place    | Note
-------+----------+-------------------------------------------
     0 | D:1      | LeprechaunX the Octopode Shapeshifter began the quest for
                  | the Orb.
     0 | D:1      | Reached XP level 1. HP: 13/13 MP: 1/1
   143 | D:1      | Found Appav's Armour Shoppe.
   299 | D:1      | Reached XP level 2. HP: 14/18 MP: 2/2
   766 | D:2      | Reached XP level 3. HP: 21/23 MP: 3/3
   950 | D:2      | Reached XP level 4. HP: 15/29 MP: 4/4
   955 | D:2      | Reached skill level 4 in Unarmed Combat
  1478 | D:3      | Noticed Terence
  1483 | D:3      | Reached XP level 5. HP: 34/34 MP: 5/5
  1522 | D:3      | Found a radiant altar of Vehumet.
  1616 | D:3      | Killed Terence
  1696 | D:3      | Found a faded altar of an unknown god.
  2457 | D:4      | Identified the +7 chain mail of Ojetoca {rF+ rC+ Int+2
                  | Dex+4}
  2554 | D:4      | Mangled by a gnoll

Illustrated notes

Levels and vault maps discovered:
D:1:      scummos_arrival_hexagon, layout_loops_ring, serial_shops,
          nicolae_shop_behind_doors, minmay_tetromino_o2
D:2:      layout_loops_ring, serial_forest, infiniplex_forest_zigzag_2,
          infiniplex_forest_lined_3_way, infiniplex_forest_end_2,
          infiniplex_forest_clump_tiny, kennysheep_boxes
D:3:      layout_rooms, mainiacjoe_overflow_catwalk,
          chequers_ecumenical_altar_simple_redux, minmay_crystal_room,
          grunt_ministairs_4, chequers_big_river, uniq_terence
D:4:      layout_cave_pods, uniq_duvessa

Skill      XL: |  1  2  3  4  5 |
---------------+----------------+-----
Fighting       | 2 |  2.5
Unarmed Combat | 4 |  4.6
Dodging        | 3 |  3.1
Shapeshifting  | |  3.5

Action                     |  1- 3 |  4- 6 || total
---------------------------+-------+-------++-------
  Melee: Unarmed           |    48 |    62 ||   110
         Constrict         |    18 |    22 ||    40
         Tentacles         |    13 |    12 ||    25
         Punch             |     1 |     1 ||     2
  Throw: Boomerang         |       |     2 ||     2
    Use: Potion            |       |     3 ||     3
   Stab: Sleeping          |     2 |     9 ||    11
         Distracted        |       |     1 ||     1
 Armour: Skin              |     3 |     5 ||     8
  Dodge: Dodged            |    24 |    44 ||    68

Table legend: (Time is in decaauts)
 A = Elapsed time spent in this place.
 B = Non-inter-level travel time spent in this place.
 C = Inter-level travel time spent in this place.
 D = Time resting spent in this place.
 E = Time spent auto-exploring this place.
 F = Levels seen in this place.
 G = Mean time per level.
                   A        B        C        D        E       F      G
               +--------+--------+--------+--------+--------+-----+--------+
         Total |   2545 |   2493 |     52 |     84 |   1953 |   4 |  636.2 |
       Dungeon |   2545 |   2493 |     52 |     84 |   1953 |   4 |  636.2 |
               +--------+--------+--------+--------+--------+-----+--------+

Top non-repeatable levels by time:
     D:2: 811 daAuts
     D:1: 662 daAuts
     D:3: 647 daAuts
     D:4: 423 daAuts
